 Dungeon Crawl Stone Soup version 0.21-a0-201-g8501b10 (webtiles) character file.

85 tehllama the Insei (level 4, -1/28 HPs)
             Began as an Octopode Transmuter on Aug 18, 2017.
             Slain by an orc wizard
             ... wielding a cursed -1 dagger
              (2 damage)
             ... on level 2 of the Dungeon.
             The game lasted 00:03:04 (1846 turns).

tehllama the Insei (Octopode Transmuter)            Turns: 1846, Time: 00:03:05

Health: -1/28      AC:  1    Str: 10    XL:     4   Next: 48%
Magic:  7/7        EV: 13    Int: 15    God:
Gold:   67         SH:  0    Dex: 12    Spells: 1/7 levels left

rFire    . . .     SeeInvis .     - Unarmed
rCold    . . .     Gourm    .   (no shield)
rNeg     . . .     Faith    .   (helmet restricted)
rPois    .         Spirit   .   (no amulet)
rElec    .         Reflect  .   r - ring of stealth
rCorr    .         Harm     .   (no ring)
MR       .....                  (no ring)
Stlth    ++++......             (no ring)
HPRegen  0.09/turn              (no ring)
MPRegen  0.10/turn              (no ring)
                                (no ring)
                                (no ring)

@: no status effects
A: almost no armour, stealthy swim, amphibious, 8 rings, constrict 8, camouflage
1, gelatinous body 1
a: no special abilities


You were on level 2 of the Dungeon.
You were very hungry.

You visited 1 branch of the dungeon, and saw 3 of its levels.

You collected 67 gold pieces.

Inventory:

Missiles
 a - 56 arrows
 e - 5 poisoned needles
Jewellery
 r - a ring of stealth (left tentacle)
Scrolls
 g - a scroll of amnesia {unknown}
 h - 2 scrolls of remove curse {unknown}
 i - a scroll of fear {unknown}
 l - a scroll of blinking {unknown}
 n - 2 scrolls of identify {unknown}
 p - a scroll of random uselessness {unknown}
 w - a scroll of teleportation {unknown}
Potions
 f - a potion of lignification {unknown}
 j - a potion of invisibility {unknown}
 k - a potion of magic
 o - a potion of agility {unknown}
 s - a potion of resistance {unknown}
 t - a potion of degeneration {unknown}
 v - a potion of curing {unknown}
Books
 b - a book of Changes

   Spells                             Type                      Level
   a - Beastly Appendage              Transmutation                1
   b - Sticks to Snakes               Transmutation                2
   c - Spider Form                    Transmutation/Poison         3
   d - Ice Form                       Ice/Transmutation            4
   e - Blade Hands                    Transmutation                5
 d - a book of Minor Magic

   Spells                             Type                      Level
   a - Magic Dart                     Conjuration                  1
   b - Blink                          Translocation                2
   c - Call Imp                       Summoning                    2
   d - Slow                           Hexes                        2
   e - Conjure Flame                  Conjuration/Fire             3
   f - Mephitic Cloud                 Conjuration/Poison/Air       3
Comestibles
 c - a bread ration
 m - 2 meat rations
 u - a royal jelly


   Skills:
 - Level 1.0 Fighting
 - Level 2.0 Dodging
 + Level 2.8 Stealth
 + Level 4.6 Unarmed Combat
 - Level 2.0 Spellcasting
 - Level 2.0 Transmutations


You had one spell level left.
You knew the following spells:

 Your Spells              Type           Power        Failure   Level  Hunger
a - Beastly Appendage     Tmut           #.....       10%         1    #......
b - Sticks to Snakes      Tmut           #.......     14%         2    ###....
c - Spider Form           Tmut/Pois      #.........   41%         3    ###....


Dungeon Overview and Level Annotations

Branches:
Dungeon (3/15)

Altars:

Annotations:
D:3 narcow's ghost, weakling SpAr


Innate Abilities, Weirdness & Mutations

You cannot wear most types of armour.
You are very stealthy in the water. (Stealth+)
You are amphibious.
You can wear up to eight rings at the same time.
You can use your tentacles to constrict eight enemies at once.
Your skin changes colour to match your surroundings (Stealth+).
Your rubbery body absorbs attacks. (AC +1, EV +1)


Message History

You climb upwards.
There is a stone staircase leading down here.
You bite something!
You hear some strange, mumbled words.
A magic dart appears from out of thin air!
The magic dart hits you! The orc hits you but does no damage.
The kobold misses you.
You closely miss something. Something hits you. The orc barely misses you.
You miss something. The kobold hits you with a club. Something hits you.
* * * LOW HITPOINT WARNING * * *
You barely miss something. The orc barely misses you.
The kobold hits you with a club.
* * * LOW HITPOINT WARNING * * *
Something closely misses you.
It was a potion of magic.
Magic courses through your body.
Your transformation has ended.
The orc barely misses you. The kobold hits you with a club.
* * * LOW HITPOINT WARNING * * *
Something hits you.
You die...

#.# #)####..#.#
#.# ###.#
#...#.# #.#
#...# #.#.#.#
#.#####.###
#.#.#.#
###.#.....#
#.#.#.#
######.....#####
###.#.#.#
#>......####
##...#.#.#
..#####.#
###o.###.#(# ###
#.# ##{@.##
#...# ## #.#
##.K### ##### .#
#.# ##..## ##
#.# ##..## #.#
#..## #.# #.##
##.###.#
#.†##..#
#.###.##


You could see an orc and a kobold.

Vanquished Creatures
  3 gnolls (D:2)
  An ooze (D:2)
  A worm (D:2)
  A dart slug (D:2)
  2 leopard geckos (D:1)
  2 orcs (D:3)
  3 giant cockroaches (D:1)
  6 goblins (D:1)
  5 hobgoblins
  4 kobolds
  9 bats
  5 frilled lizards
  2 rats
44 creatures vanquished.

Notes
Turn   | Place    | Note
-------+----------+-------------------------------------------
     0 | D:1      | tehllama the Octopode Transmuter began the quest for the Orb.
     0 | D:1      | Reached XP level 1. HP: 13/13 MP: 3/3
   205 | D:1      | Reached XP level 2. HP: 4/18 MP: 5/5
   702 | D:1      | Reached skill level 4 in Unarmed Combat
   757 | D:1      | Reached XP level 3. HP: 23/23 MP: 6/6
  1139 | D:2      | Reached skill level 1 in Stealth
  1159 | D:1      | Learned a level 2 spell: Sticks to Snakes
  1163 | D:1      | Learned a level 3 spell: Spider Form
  1171 | D:2      | Reached XP level 4. HP: 28/28 MP: 3/7
  1592 | D:3      | Noticed narcow's ghost (weakling SpAr)
  1846 | D:2      | HP: 1/28 [kobold/club (3)]
  1846 | D:2      | Slain by an orc wizard

Vault maps used:
D:1:      mainiacjoe_arrival_reflecting_pool, minmay_misc_feat_enclosed
D:3:      uniq_natasha

Skill      XL: |  1  2  3 |
---------------+----------+-----
Unarmed Combat | 4 |  4.6
Stealth        | 2 |  2.8
Fighting       | |  1.0
Dodging        | |  2.0
Spellcasting   | |  2.0
Transmutations | |  2.0

Action                   |  1- 3 |  4- 6 || total
-------------------------+-------+-------++-------
Melee: Unarmed           |    74 |    41 ||   115
       Constrict         |    17 |     7 ||    24
       Tentacles         |     7 |     1 ||     8
       Punch             |     3 |       ||     3
       Kick              |     1 |     1 ||     2
 Cast: Beastly Appendage |     2 |     2 ||     4
       Spider Form       |     1 |     1 ||     2
  Use: Potion            |       |     1 ||     1
 Stab: Sleeping          |     4 |     3 ||     7
  Eat: Chunk             |       |     2 ||     2
Armor: Skin              |     8 |     5 ||    13
Dodge: Dodged            |    50 |    45 ||    95
